[Event "*** Titled Tuesday Blitz"]
[Site "Chess.com"]
[Date "2018.05.01"]
[Round "5"]
[White "bugsbunny444"]
[Black "Anar_Aliakbarov"]
[Result "1-0"]
[WhiteElo "2336"]
[BlackElo "2383"]
[TimeControl "180+2"]
[EndTime "14:07:47 PDT"]
[Termination "bugsbunny444 won by resignation"]

1. Nf3 d5 2. c4 e6 3. g3 Nf6 4. Bg2 Be7 5. O-O O-O 6. b3 c5 7. e3 d4 8. exd4 cxd4 9. Re1 Nc6 10. d3 Ne8 11. Ne5 Nxe5 12. Rxe5 f6 13. Re1 Nc7 14. Ba3 Bxa3 15. Nxa3 e5 16. c5 Qe7 17. Qc2 Rb8 18.
Rac1 Bf5 19. Nc4 Qxc5 20. Nxe5 Qxc2 21. Rxc2 fxe5 22. Rxc7 Bxd3 23. Rxe5 Rfc8 24. Ree7 Rxc7 25. Rxc7 Ba6 26. Rd7 d3 27. Bf1 Rc8 28. Bxd3 Bxd3 29. Rxd3 Rc2 30. a4 Rc7 31. g4 Kf7 32. Kg2 g5 33. h4 h6 34. Kg3 Kg7 35. f3 Kf7 36. Rd6 Kg7 37. h5 Re7 38. Rg6+ Kh7 39. Rd6 Rc7 40.
Kf2 Rc2+ 41. Kg3 Rc7 42. Kf2 Rc2+ 43. Ke3 Rc3+ 44. Rd3 Rc7 45. Ke4 Kg7 46. Rd6 Re7+ 47. Kd4 Rf7 48. Ke5 Re7+ 49. Re6 Rf7 50. Rg6+ Kh7 51.
Rf6 Re7+ 52. Kd6 Rg7 53. Ke6 Rg8 54. Rf7+ Kh8 55. Rxb7 Re8+ 56. Re7 Rf8 57. Rf7 Re8+ 58. Kf6 a5 59. Kg6 Re6+ 60. Rf6 Re8 61. Kxh6 Rg8 62.
Rg6 Rf8 63. Rxg5 Rxf3 64. Rxa5 Rf7 65. Ra8+ 1-0

[Event "*** Titled Tuesday Blitz"]
[Site "Chess.com"]
[Date "2018.05.01"]
[Round "5"]
[White "KRASAVCHIK2002"]
[Black "Too_Stupid_To_Play"]
[Result "1-0"]
[WhiteElo "2041"]
[BlackElo "2183"]
[TimeControl "180+2"]
[EndTime "14:07:54 PDT"]
[Termination "KRASAVCHIK2002 won by resignation"]

1. d4 Nf6 2. Nf3 b5 3. Bg5 Ne4 4. Bf4 Bb7 5. e3 a6 6. Bd3 e6 7.
O-O d6 8. c3 Nd7 9. Nbd2 f5 10.
Qc2 Ndf6 11. Bg5 Nxd2 12. Qxd2 Be7 13. Rfe1 O-O 14. Bxf6 Bxf6 15. e4 e5 16. Rad1 fxe4 17. Bxe4 d5 18. Bc2 e4 19. Ne5 Bxe5 20. dxe5 Qe7 21.
Bb3 c6 22. Rxe4 Kh8 23. Ree1 Rae8 24. Bc2 Bc8 25. Qe3 Bf5 26. Bb3 a5 27. a4 b4 28. c4 dxc4 29. Bxc4 Be6 30. Bxe6 Qxe6 31. Qc5 Qb3 32. e6 Qxb2 33. e7 Rg8 34. Qxc6 h6 35. Qxe8 Rxe8 36. Rd8 Qc3 37. Rxe8+ Kh7 38. Rh8+ Kxh8 39.
e8=Q+ 1-0

[Event "*** Titled Tuesday Blitz"]
[Site "Chess.com"]
[Date "2018.05.01"]
[Round "5"]
[White "PchelkinVK"]
[Black "Angulo07"]
[Result "0-1"]
[WhiteElo "2414"]
[BlackElo "2283"]
[TimeControl "180+2"]
[EndTime "14:07:56 PDT"]
[Termination "Angulo07 won by resignation"]

1. d3 d5 2. Nf3 c5 3. g3 Nc6 4. Bg2 Nf6 5. O-O e5 6. Nbd2 h6 7. c4 e4 8. Ne1 Be6 9. cxd5 Bxd5 10. dxe4 Bxe4 11. Nd3 Bxg2 12. Kxg2 c4 13. Nf4 g5 14.
Nh3 b5 15. a4 a6 16. f3 Bc5 17. Nf2 O-O 18. Nfe4 Qe7 19. Nxf6+ Qxf6 20. Ne4 Qf5 21. axb5 axb5 22. Rxa8 Rxa8 23. h4 Rd8 24. Qe1 gxh4 25. Bxh6 h3+ 26. Kh1 Be7 27. g4 Qe5 28. g5 Qxb2 29.
Qg3 Ne5 30. Qxh3 Qxe2 31. Nf6+ Bxf6 32. gxf6 Rd1 33. Rg1+ Rxg1+ 34. Kxg1 Qxf3 35. Qc8+ Kh7 36. Bg7 Qg4+ 37. Kf1 Qxc8 0-1

[Event "*** Titled Tuesday Blitz"]
[Site "Chess.com"]
[Date "2018.05.01"]
[Round "5"]
[White "michaelq2d5"]
[Black "AnishGiri"]
[Result "1/2-1/2"]
[WhiteElo "2709"]
[BlackElo "2858"]
[TimeControl "180+2"]
[EndTime "14:07:58 PDT"]
[Termination "Game drawn - insufficient material"]

1. d4 Nf6 2. c4 e6 3. Nc3 d5 4. cxd5 Nxd5 5. Nf3 c5 6. e3 cxd4 7. exd4 Nxc3 8. bxc3 Qc7 9. Bd2 Bd6 10. Bd3 b6 11. O-O Bb7 12. h3 Nd7 13. Qe2 O-O 14. Rfe1 Bf4 15. Ng5 Nf6 16. Bxf4 Qxf4 17. Qe3 Qxe3 18.
fxe3 Rac8 19. Rac1 Rfd8 20. Nf3 Be4 21. Ba6 Rc7 22. c4 h6 23. Nd2 Bb7 24. Bxb7 Rxb7 25. Nb3 Ne4 26. Rc2 Rc7 27. Rec1 Rdc8 28. a4 Nd6 29. Nd2 f5 30. Kf2 Kf7 31. Ke2 Kf6 32. Kd3 e5 33. a5 e4+ 34. Ke2 Ke6 35. axb6 axb6 36. Rb2 Nxc4 37. Nxc4 Rxc4 38. Rxb6+ Ke7 39.
Rxc4 Rxc4 40. Kd2 Ra4 41. Rb2 Ra3 42. Ke2 g5 43. g3 f4 44. gxf4 gxf4 45. exf4 Rxh3 46.
Rb5 Kf6 47. Re5 Ra3 48. d5 Rd3 49. Rxe4 Rxd5 50. Re5 Rxe5+ 51. fxe5+ Kxe5 52. Kf3 h5 53. Kg3 h4+ 54. Kxh4 1/2-1/2

[Event "*** Titled Tuesday Blitz"]
[Site "Chess.com"]
[Date "2018.05.01"]
[Round "5"]
[White "Grootneus"]
[Black "Caterpiller35"]
[Result "0-1"]
[WhiteElo "2135"]
[BlackElo "2233"]
[TimeControl "180+2"]
[EndTime "14:07:58 PDT"]
[Termination "Caterpiller35 won by checkmate"]

1. e4 c5 2. c3 Nf6 3. e5 Nd5 4. Nf3 Nc6 5. Bc4 Nb6 6. Bb3 c4 7. Bc2 d6 8. exd6 Qxd6 9. O-O Bg4 10. Qe2 O-O-O 11. Na3 e5 12. Be4 f5 13. Nb5 Qb8 14.
Bxc6 bxc6 15. Qxe5 cxb5 16. Qxb5 Bxf3 17. gxf3 Rd5 18. Qe8+ Kb7 19. Qh5 g6 20. Qg5 Qd8 21. Qe3 Bc5 22. Qh6 Rd3 23. b4 Bd6 24. a4 Qf6 25. a5 Nd5 26. a6+ Kb8 27. Ra5 Nf4 28. Rb5+ Ka8 29. Re1 Rxf3 30. Re3 Rxe3 31. dxe3 Ne2+ 32.
Kf1 Nxc1 33. e4 Nd3 34. Qe3 Re8 35. Rb7 Bb8 36. f3 Qxa6 37. Rxh7 Qa1+ 38. Kg2 Qb2+ 39. Kh3 Qxh2# 0-1

[Event "*** Titled Tuesday Blitz"]
[Site "Chess.com"]
[Date "2018.05.01"]
[Round "5"]
[White "Bad4life"]
[Black "PowerThinking2650"]
[Result "0-1"]
[WhiteElo "2358"]
[BlackElo "2288"]
[TimeControl "180+2"]
[EndTime "14:07:59 PDT"]
[Termination "PowerThinking2650 won by checkmate"]

1. e4 e5 2. Nf3 Nc6 3. Bc4 Nf6 4. d3 h6 5. a4 g6 6. O-O Bg7 7. c3 d6 8. d4 Bg4 9. h3 Bxf3 10. Qxf3 exd4 11. Bb5 dxc3 12. e5 dxe5 13. Rd1 Nd7 14.
Bxc6 bxc6 15. Qxc6 Rb8 16. Nxc3 Rb6 17. Qc4 O-O 18.
Nd5 Rd6 19. Be3 Nb6 20. Bxb6 axb6 21. Ne3 Rd4 22. Qc6 Qe7 23. Nd5 Qg5 24. Nxc7 Rfd8 25. Rxd4 exd4 26. Qxb6 d3 27. Rd1 Bd4 28. Qc6 Qf4 29.
Rf1 d2 30. Nd5 Qxf2+ 31. Rxf2 d1=Q+ 32. Kh2 Bxf2 33. Ne7+ Kh7 34. g3 Qg1# 0-1

[Event "*** Titled Tuesday Blitz"]
[Site "Chess.com"]
[Date "2018.05.01"]
[Round "5"]
[White "b_6"]
[Black "PawnEatingZombie"]
[Result "1/2-1/2"]
[WhiteElo "2286"]
[BlackElo "1994"]
[TimeControl "180+2"]
[EndTime "14:08:01 PDT"]
[Termination "Game drawn by repetition"]

1. d4 d5 2. Bf4 c5 3. c3 Nc6 4. e3 Nf6 5. Nd2 Bf5 6. Ngf3 e6 7. Qb3 Qc8 8. Nh4 Be4 9. f3 Bg6 10. g4 Be7 11. Nxg6 hxg6 12. h4 Nd7 13. Bg3 a5 14. Bb5 Qd8 15. O-O-O Bxh4 16. Bd6 g5 17. dxc5 Rc8 18. f4 Rh6 19. Nf3 Bf2 20. c4 gxf4 21.
exf4 Bxc5 22. Bxc5 Nxc5 23. Qa3 Qe7 24. g5 Rxh1 25.
Rxh1 Kd8 26. cxd5 exd5 27. Rd1 Kc7 28. Rxd5 b6 29. Rd1 Nb4 30. Qc3 Nxa2+ 31. Kb1 Nxc3+ 32. bxc3 Qe6 33. Nd4 Qe4+ 34. Kb2 Qxf4 35. g6 fxg6 36. Bc4 Qf2+ 37. Ka3 Kb8 38. Nb5 Qc2 39. Rd6 Qc1+ 40.
Ka2 Qc2+ 41. Ka3 Qc1+ 42. Ka2 Qc2+ 43. Ka3 1/2-1/2

[Event "*** Titled Tuesday Blitz"]
[Site "Chess.com"]
[Date "2018.05.01"]
[Round "5"]
[White "Sanan_Sjugirov"]
[Black "JSPrepz"]
[Result "0-1"]
[WhiteElo "2778"]
[BlackElo "2641"]
[TimeControl "180+2"]
[EndTime "14:08:05 PDT"]
[Termination "JSPrepz won by resignation"]

1. e4 e5 2. Nf3 Nc6 3. Bb5 f5 4.
d3 fxe4 5. dxe4 Nf6 6. O-O Bc5 7. Bxc6 bxc6 8. Nxe5 O-O 9. Nd3 Bd4 10. Nd2 d5 11. e5 Bg4 12. Qe1 Re8 13. Nb3 Bb6 14. Bg5 Qd7 15. Nbc5 Qf7 16. Bxf6 gxf6 17. f3 Bf5 18.
Qg3+ Kh8 19. e6 Rxe6 20. Kh1 Re2 21. Qf4 Qg6 22. g4 Bxd3 23. Nxd3 Rxc2 24. Rad1 Re8 25.
Rfe1 Ree2 26. Rxe2 Rxe2 27. b4 Kg7 28. a4 a5 29. bxa5 Bxa5 30. Qc1 Qh6 31. Qxh6+ Kxh6 32. Rc1 Re3 33. Nc5 Rxf3 34. Nb7 Bd2 35. Rxc6 Kg5 36. Kg2 Ra3 37. Nc5 Kxg4 38. Rxc7 Ra2 39. h3+ Kf4 40.
Nd3+ Ke3 41. Nc5 Ba5+ 0-1

[Event "*** Titled Tuesday Blitz"]
[Site "Chess.com"]
[Date "2018.05.01"]
[Round "5"]
[White "FearlessKing64"]
[Black "windking123"]
[Result "0-1"]
[WhiteElo "2167"]
[BlackElo "2292"]
[TimeControl "180+2"]
[EndTime "14:08:06 PDT"]
[Termination "windking123 won by resignation"]

1. e4 c5 2. Nf3 e6 3. c4 Nc6 4. Nc3 Nf6 5. Be2 Be7 6. d4 cxd4 7. Nxd4 O-O 8. Be3 d5 9. cxd5 exd5 10. Nxc6 bxc6 11. exd5 cxd5 12. O-O Be6 13. Bd4 Qa5 14. Bf3 Rab8 15. Qd2 Qb4 16. a3 Qb7 17. b4 Ne4 18. Bxe4 dxe4 19. Qe3 f5 20. g3 Rbd8 21. Rad1 f4 22.
gxf4 Bg4 23. Qg3 h5 24. h3 Rxd4 25. Rxd4 Bf3 26. Nd5 Bd6 27. Rc1 Rf5 28. Rc7 Bxc7 29. Ne7+ Kh7 30. Nxf5 Bb6 31. Rd6 Qf7 32. Qg5 e3 33.
fxe3 Be4 34. Nh4 Bxe3+ 35. Kh2 Bxf4+ 36. Qxf4 Qxf4+ 0-1

[Event "*** Titled Tuesday Blitz"]
[Site "Chess.com"]
[Date "2018.05.01"]
[Round "5"]
[White "MehdiHosseinipour"]
[Black "dhanushbharadwaj"]
[Result "1-0"]
[WhiteElo "2442"]
[BlackElo "2512"]
[TimeControl "180+2"]
[EndTime "14:08:16 PDT"]
[Termination "MehdiHosseinipour won by resignation"]

1. e4 c5 2. d4 cxd4 3. c3 dxc3 4. Nxc3 Nc6 5. Nf3 e6 6. Bc4 a6 7.
O-O Bb4 8. Qe2 Nge7 9. a3 Bxc3 10. bxc3 h6 11. a4 O-O 12. Ba3 Re8 13. e5 Ng6 14.
Bd6 b6 15. Qe3 Bb7 16. Rab1 Rc8 17. Rxb6 Na5 18. Bxa6 Bxf3 19. Bxc8 Nc4 20. Qxf3 Nxb6 21. Ba6 Nxa4 22. Bb5 Nb6 23. c4 Qg5 24. Qg3 Rc8 25.
Qxg5 hxg5 26. c5 Nd5 27. Bxd7 Ra8 28. Rb1 Nf8 29. Bc6 Rc8 30. Bb7 Re8 31. c6 Ng6 32. c7 Nxc7 33. Bxc7 Nf4 34. Bd6 f6 35. Bc6 Rc8 36. Rb8 Rxb8 37. Bxb8 Ne2+ 38. Kf1 Nd4 39. Ba4 Kf7 40. exf6 gxf6 41. Ba7 Nf5 42. Bb3 Ne7 43.
Bc5 Nc6 44. Ke2 Ne5 45. h3 Nd7 46. Bd6 f5 47. Ke3 Kf6 48. f4 gxf4+ 49. Bxf4 e5 50. Bh2 Nc5 51. Bd5 Na6 52. Bg1 Nb4 53. Bb3 Nc6 54.
Kd3 Nb4+ 55. Kc3 Nc6 56. Bc5 Nd8 57. Bd5 Kg6 58. Bb6 1-0

[Event "*** Titled Tuesday Blitz"]
[Site "Chess.com"]
[Date "2018.05.01"]
[Round "5"]
[White "Abdodi"]
[Black "Kawhi_Leonard2"]
[Result "0-1"]
[WhiteElo "2018"]
[BlackElo "2171"]
[TimeControl "180+2"]
[EndTime "14:08:20 PDT"]
[Termination "Kawhi_Leonard2 won on time"]

1. e4 c5 2. d3 Nc6 3. Nf3 g6 4. c3 Bg7 5. g3 d5 6. Nbd2 dxe4 7. dxe4 Nf6 8. Qe2 O-O 9. Bg2 Ng4 10. O-O b6 11. h3 Nge5 12. Nxe5 Nxe5 13. f4 Nd3 14. Nc4 Ba6 15. b3 Bxc3 16. Rb1 Nxc1 17. Rbxc1 Bd4+ 18. Kh1 Qd7 19. h4 h5 20. f5 Qc7 21. Qf3 Rad8 22.
Kh2 Bxc4 23. Rxc4 Be5 24. Kh3 Kg7 25. b4 Qd6 26. bxc5 bxc5 27. Rfc1 Bd4 28. Qe2 Qe5 29. Qf3 Rb8 30. R4c2 Rb6 31. Rf1 Rf6 32. Kh2 Rb8 33. Bh3 a5 34. Kg2 a4 35. Qe2 a3 36. Qf3 Rb2 37.
Rc1 Rfb6 38. g4 hxg4 39. Bxg4 Rxc2+ 40. Rxc2 Rb2 41. Qd3 Qf4 42. Kh3 Rb1 43. Rh2 Re1 44. Qc2 Rxe4 45. Rg2 Re3+ 0-1

[Event "*** Titled Tuesday Blitz"]
[Site "Chess.com"]
[Date "2018.05.01"]
[Round "5"]
[White "Alexander_Donchenko"]
[Black "djano"]
[Result "1/2-1/2"]
[WhiteElo "2669"]
[BlackElo "2458"]
[TimeControl "180+2"]
[EndTime "14:08:22 PDT"]
[Termination "Game drawn by repetition"]

1. Nf3 c5 2. c4 Nc6 3. Nc3 Nf6 4. g3 g6 5. Bg2 Bg7 6. d4 cxd4 7. Nxd4 O-O 8. O-O Nxd4 9. Qxd4 d6 10. Qd3 Bf5 11. e4 Be6 12. b3 Nd7 13. Bb2 a6 14. Rfd1 Qa5 15. Qd2 Qh5 16. Re1 Rfe8 17. Rad1 Ne5 18.
Nd5 Bg4 19. Rc1 Rac8 20. Re3 Bh6 21. f4 Nc6 22. Qc3 f6 23. h3 Bxh3 24. Bf3 Bg4 25. Bxg4 Qxg4 26. Qxf6 exf6 27. Nxf6+ Kf7 28. Nxg4 Bf8 29.
Rd1 h5 30. Nh2 d5 31. Rxd5 Nb4 32. Rd7+ Ke6 33. Rd2 Bc5 34. Bd4 Bxd4 35. Rxd4 Nc2 36. Red3 Nxd4 37. Rxd4 Red8 38. Nf3 Rxd4 39. Nxd4+ Kd7 40.
Kf2 b5 41. cxb5 axb5 42. Nxb5 Rc2+ 43. Kf3 Rxa2 44. e5 Rd2 45. Ke3 Rg2 46. Kf3 Rd2 47. Ke3 Rg2 48. Kf3 Rd2 1/2-1/2

[Event "*** Titled Tuesday Blitz"]
[Site "Chess.com"]
[Date "2018.05.01"]
[Round "5"]
[White "penguingm1"]
[Black "Flawless2018"]
[Result "0-1"]
[WhiteElo "2725"]
[BlackElo "2491"]
[TimeControl "180+2"]
[EndTime "14:08:25 PDT"]
[Termination "Flawless2018 won by resignation"]

1. d4 Nf6 2. c4 e6 3. Nc3 Bb4 4. Qc2 c5 5. dxc5 O-O 6. Nf3 Na6 7. g3 Nxc5 8. Bg2 b6 9. O-O Bb7 10.
Nb5 Be4 11. Qd1 a6 12. Nd6 Bc6 13. Be3 Na4 14. Qd4 Bc5 15. Qd2 Qc7 16. Bxc5 Nxc5 17. Rfd1 Nfe4 18. Nxe4 Nxe4 19. Qe3 Nf6 20. Rac1 Rfd8 21.
b4 h6 22. b5 Bb7 23. a4 d6 24. Bh3 Nd7 25. Bxe6 fxe6 26. Qxe6+ Kh8 27. Nh4 Nf8 28.
Qf5 axb5 29. cxb5 Qd7 30. Qf4 Ne6 31. Qe3 Ng5 32. Qxb6 Be4 33. f3 Bf5 34. a5 Qe6 35.
e4 Bh7 36. Rd5 Nxf3+ 37. Nxf3 Qxe4 38. Qd4 Qxf3 39. Rf1 Qe2 40. Rf2 Qe1+ 41. Rf1 Qxa5 42. Rf7 Qa1+ 43. Qxa1 Rxa1+ 44. Kf2 Bg8 0-1

[Event "*** Titled Tuesday Blitz"]
[Site "Chess.com"]
[Date "2018.05.01"]
[Round "5"]
[White "dukicz123"]
[Black "JoachimBN"]
[Result "0-1"]
[WhiteElo "2324"]
[BlackElo "2569"]
[TimeControl "180+2"]
[EndTime "14:08:25 PDT"]
[Termination "JoachimBN won by resignation"]

1. e4 g6 2. d4 Bg7 3. Nc3 c5 4. Nf3 Qa5 5. Be3 Nf6 6. Qd2 Nc6 7. d5 Nb4 8. e5 Ng4 9. Bf4 f6 10. exf6 Nxf6 11. Bc4 b5 12. Bxb5 Nbxd5 13. Nxd5 Qxd2+ 14. Kxd2 Nxd5 15. Be5 O-O 16. Rhe1 Nf6 17. Rad1 d6 18. Bc3 Bh6+ 19. Ke2 Bb7 20. Kf1 Ne4 21. Bc4+ Rf7 22. Bxf7+ Kxf7 23. Bd2 Nxd2+ 24. Nxd2 Bd5 25. b3 a5 26. c4 Bc6 27. Nb1 a4 28. Nc3 axb3 29. axb3 Ra3 30. Rb1 Bg7 31. Nd5 e6 32. Nf4 Be5 33. Nd3 Bc3 34. Re3 Bd4 35. Re2 d5 36. Nf4 Bd7 37. cxd5 exd5 38. Nxd5 Bb5 39. Nf4 g5 40.
Nh5 Bxe2+ 41. Kxe2 Ra2+ 42. Kd3 Rxf2 43. g4 Rxh2 44.
Rf1+ Kg6 45. Rf8 Rh3+ 46. Kc4 Rh4 47. Rg8+ Kh6 48. Rd8 Rxg4 0-1

[Event "*** Titled Tuesday Blitz"]
[Site "Chess.com"]
[Date "2018.05.01"]
[Round "5"]
[White "PrinceCharming92"]
[Black "GMMatamoros"]
[Result "0-1"]
[WhiteElo "2422"]
[BlackElo "2516"]
[TimeControl "180+2"]
[EndTime "14:08:27 PDT"]
[Termination "GMMatamoros won by resignation"]

1. e4 e6 2. d3 c5 3. Nc3 Nc6 4. f4 g6 5. Nf3 Bg7 6. g3 Nge7 7. Bg2 O-O 8. O-O d6 9. h3 b6 10. g4 f5 11. exf5 gxf5 12. g5 Qd7 13. Ne2 Bb7 14. Ng3 Nd4 15. c3 Nxf3+ 16. Bxf3 Ng6 17. Bd2 Rae8 18.
Nh5 e5 19. Bxb7 Qxb7 20. Qf3 Qxf3 21. Rxf3 e4 22. dxe4 fxe4 23. Re3 Nxf4 24. Nxg7 Kxg7 25. Rf1 Kg6 26. c4 Rf5 27. h4 Nh5 28. Rd1 Re6 29.
Bc3 Rf4 30. Be1 Ng7 31. Bg3 Rg4 32. Kh2 Nf5 33. Rde1 Nxe3 34. Rxe3 Kf5 35. Kh3 h6 36. gxh6 Rxh6 37. b3 Rhg6 38. Bh2 Rh6 39. Bg3 a6 40. Re2 Rhg6 41. Bh2 b5 42. Rf2+ Ke6 43. Bf4 d5 44. cxd5+ Kxd5 45. h5 Rg8 46. h6 Rg1 47. h7 Rh8 48.
Rg2 Rxh7+ 49. Kg3 Rg7+ 0-1

[Event "*** Titled Tuesday Blitz"]
[Site "Chess.com"]
[Date "2018.05.01"]
[Round "5"]
[White "Mikhail_Golubev"]
[Black "pulvettd"]
[Result "0-1"]
[WhiteElo "2352"]
[BlackElo "2399"]
[TimeControl "180+2"]
[EndTime "14:08:27 PDT"]
[Termination "pulvettd won on time"]

1. e4 c5 2. Nf3 e6 3. d4 cxd4 4.
Nxd4 Nc6 5. Nc3 Qc7 6. Be3 a6 7. Bd3 Nf6 8. O-O Bd6 9. Nxc6 dxc6 10. f4 e5 11. f5 h5 12. a4 Ng4 13. Bd2 Bc5+ 14. Kh1 Nf2+ 15. Rxf2 Bxf2 16. a5 Bd7 17. Na4 Bd4 18. Qe1 h4 19. Nb6 Bxb6 20. axb6 Qxb6 21. Ba5 Qc5 22. f6 gxf6 23. Bb4 Qd4 24. Bc3 Qd6 25. Ra5 h3 26. g3 Bg4 27. Qf2 Rg8 28. Ra1 O-O-O 29. Ba5 Rd7 30. Bb6 c5 31. Bxc5 Qc6 32. Kg1 f5 33. Ra3 f4 0-1

[Event "*** Titled Tuesday Blitz"]
[Site "Chess.com"]
[Date "2018.05.01"]
[Round "5"]
[White "GoingKronos"]
[Black "RojonR"]
[Result "0-1"]
[WhiteElo "2364"]
[BlackElo "2387"]
[TimeControl "180+2"]
[EndTime "14:08:30 PDT"]
[Termination "RojonR won by resignation"]

1. Nf3 d5 2. c4 c6 3. e3 Bg4 4. Qb3 Qb6 5. cxd5 Qxb3 6. axb3 Bxf3 7. gxf3 cxd5 8. Nc3 e6 9. Nb5 Kd7 10. Rxa7 Rxa7 11.
Nxa7 Nc6 12. Nb5 Na5 13. Nd4 e5 14. Bb5+ Kc7 15. Nf5 Nxb3 16. Ke2 g6 17. Ng3 h5 18.
Rd1 Bd6 19. Ba4 Nxc1+ 20. Rxc1+ Kb8 21. Bb3 Ne7 22. e4 h4 23. Nf1 dxe4 24. fxe4 f5 25. d3 Nc6 26. Bf7 Nd4+ 27. Kd1 fxe4 28. Bxg6 Rf8 29. Bxe4 Rxf2 30. Ne3 Bb4 31. Rc4 Rxb2 32. Nd5 Ba5 33. Ne7 Nb3 34. Rc8+ Ka7 35. Rh8 Rxh2 36. Nf5 h3 37. Bd5 Nc5 38. Be4 Rd2+ 39. Kc1 h2 40. Nd6 Nxe4 41. Nxe4 Rg2 42. Nd6 Rg1+ 43. Kc2 h1=Q 44.
Nb5+ Kb6 0-1

[Event "*** Titled Tuesday Blitz"]
[Site "Chess.com"]
[Date "2018.05.01"]
[Round "5"]
[White "WanderingPuppet"]
[Black "Koksik_13"]
[Result "1-0"]
[WhiteElo "2341"]
[BlackElo "2492"]
[TimeControl "180+2"]
[EndTime "14:08:38 PDT"]
[Termination "WanderingPuppet won by checkmate"]

1. e4 e6 2. d4 d5 3. Nc3 Bb4 4.
e5 c5 5. a3 Bxc3+ 6. bxc3 Ne7 7. Qg4 Qc7 8. Qxg7 Rg8 9. Qxh7 cxd4 10. Ne2 Nbc6 11. f4 Bd7 12. Qd3 dxc3 13. Qxc3 O-O-O 14. Rb1 d4 15. Qc5 Be8 16. Rg1 Nf5 17. g4 Nh4 18. Rg3 f6 19. exf6 e5 20. h3 e4 21. Rgb3 b6 22.
Qc4 Bf7 23. Qa6+ Kd7 24. Qa4 Nf3+ 25. Rxf3 exf3 26. Nxd4 Bd5 27. Bb5 Rge8+ 28. Kf2 Re4 29. Be3 Rde8 30. f7 Rh8 31. Bxc6+ Bxc6 32. Qxc6+ Qxc6 33.
Nxc6 Kxc6 34. Kxf3 Re7 35. Rh1 Rxf7 36. h4 Kd5 37. h5 Rc7 38. g5 Ke6 39. Bd4 Rd8 40.
c3 Kf5 41. g6 Re7 42. g7 Re4 43. Rh4 Re1 44. h6 Rde8 45. h7 Rf1+ 46. Bf2 Rd8 47. g8=Q Rd2 48. Qf7# 1-0

[Event "*** Titled Tuesday Blitz"]
[Site "Chess.com"]
[Date "2018.05.01"]
[Round "5"]
[White "Keaton87"]
[Black "ENEASZ"]
[Result "0-1"]
[WhiteElo "2452"]
[BlackElo "2455"]
[TimeControl "180+2"]
[EndTime "14:08:45 PDT"]
[Termination "ENEASZ won by checkmate"]

1. d4 d5 2. Nf3 Nf6 3. Bf4 c5 4. e3 Nc6 5. Be2 Qb6 6. Nc3 a6 7. Rb1 cxd4 8. exd4 Bg4 9. Na4 Qa5+ 10. c3 e6 11. b4 Qd8 12. O-O Bd6 13. Bg3 Bxg3 14. hxg3 O-O 15. Ne5 Bxe2 16. Qxe2 Nxe5 17. dxe5 Nd7 18.
Qe3 Qc7 19. f4 Qc6 20. Nc5 Nxc5 21. Qxc5 Rfc8 22. Qxc6 Rxc6 23. Rf3 Rac8 24. b5 Rc4 25.
bxa6 bxa6 26. Rb4 g6 27. Rb3 Ra4 28. a3 Kg7 29. Kf2 h6 30. Ke2 Rc5 31. Kd3 Rca5 32.
Rb7 Rxa3 33. Rc7 R5a4 34. Kc2 Ra5 35. Kd3 R5a4 36. Kc2 Re4 37. Kb2 Ra5 38. Rf2 Re3 39. g4 Ra4 40. Kb3 Rae4 41. f5 gxf5 42. gxf5 Rxe5 43.
fxe6 Rxe6 44. Rfxf7+ Kg6 45. Rg7+ Kf5 46. g4+ Kf4 47.
Rcf7+ Ke4 48. g5 d4 49. Rc7 Rb6+ 50. Kc2 Re2+ 51. Kc1 Kd3 52. Rge7 Rc2+ 53. Kd1 Rb1# 0-1

[Event "*** Titled Tuesday Blitz"]
[Site "Chess.com"]
[Date "2018.05.01"]
[Round "5"]
[White "jk13"]
[Black "abubakrtagelsir"]
[Result "1-0"]
[WhiteElo "2516"]
[BlackElo "2345"]
[TimeControl "180+2"]
[EndTime "14:08:46 PDT"]
[Termination "jk13 won on time"]

1. e4 d6 2. d4 Nf6 3. Nc3 g6 4. Be3 c6 5. a4 Bg7 6. h3 O-O 7. Nf3 Nbd7 8. Be2 Qc7 9. O-O e5 10. dxe5 dxe5 11. Nd2 Re8 12. Nc4 Bf8 13. Qd2 Nc5 14.
Bf3 Be6 15. Qe2 Bxc4 16. Qxc4 Ne6 17. Rfd1 b6 18. Rd2 Rad8 19. Rad1 Rxd2 20. Rxd2 Be7 21. g3 Rd8 22. Rxd8+ Bxd8 23. Kf1 Be7 24. b4 Kg7 25. Ke1 h5 26. h4 Ne8 27. b5 cxb5 28. Qxc7 N8xc7 29. Nxb5 Bb4+ 30. c3 Nxb5 31. cxb4 Nc3 32. a5 bxa5 33.
bxa5 Nd4 34. Bxd4 exd4 35. e5 f6 36. exf6+ Kxf6 37. Kd2 Ke5 38. Kd3 Nb1 39. Bb7 Na3 40.
Bc6 Kf6 41. Ba4 g5 42. hxg5+ Kxg5 43. Kxd4 Nb1 44. Kd3 Kg4 45. Bc6 1-0

[Event "*** Titled Tuesday Blitz"]
[Site "Chess.com"]
[Date "2018.05.01"]
[Round "5"]
[White "bascheyaro"]
[Black "amatatanav"]
[Result "1-0"]
[WhiteElo "2660"]
[BlackElo "2403"]
[TimeControl "180+2"]
[EndTime "14:08:52 PDT"]
[Termination "bascheyaro won by resignation"]

1. d4 Nf6 2. Nf3 e6 3. Bf4 b6 4.
e3 Bb7 5. Be2 Be7 6. O-O Nh5 7.
Be5 d6 8. Bg3 O-O 9. c4 Nd7 10.
Nc3 f5 11. Qb3 Ndf6 12. Bh4 h6 13. Bxf6 Nxf6 14. c5 Nd5 15. cxb6 axb6 16. Nxd5 Bxd5 17. Bc4 Bxc4 18. Qxc4 Qd7 19. Rac1 Rfc8 20. a3 Kh7 21. Qc6 Qxc6 22. Rxc6 Kg8 23. Rfc1 Bd8 24. Nd2 Kf7 25. Nc4 Rcb8 26. f3 Ke7 27. Nd2 Kd7 28. Kf2 b5 29.
R6c2 b4 30. axb4 Rxb4 31. b3 Ra7 32. Ke2 Rab7 33. Ra2 R4b5 34. Ra8 Rb8 35. Rca1 Kc8 36. g3 Kb7 37. Rxb8+ Kxb8 38. Kd3 c5 39. dxc5 Rxc5 40. Nc4 Bc7 41. Ra2 d5 42. Nd2 Kb7 43. f4 g5 44.
Nf3 Rb5 45. Nd4 Rb6 46. h4 Bd8 47. fxg5 hxg5 48. h5 Bf6 49. h6 e5 50. Nxf5 e4+ 51. Kc2 g4 52. Ra5 Rc6+ 53. Kd1 Rc3 54. Rxd5 Rxb3 55.
Rd6 Rb1+ 56. Kc2 Rb2+ 57. Kc1 Rb6 58. Rxb6+ Kxb6 59. h7 Kc5 60. Nh6 Kc4 61. Kd2 Bc3+ 62. Kc2 Be5 63. Nxg4 1-0

[Event "*** Titled Tuesday Blitz"]
[Site "Chess.com"]
[Date "2018.05.01"]
[Round "5"]
[White "Alohamora11"]
[Black "Morshynska"]
[Result "1-0"]
[WhiteElo "2124"]
[BlackElo "2033"]
[TimeControl "180+2"]
[EndTime "14:08:54 PDT"]
[Termination "Alohamora11 won by resignation"]

1. e4 e5 2. Nf3 Nc6 3. d4 exd4 4. Nxd4 Bc5 5. Nb3 Bb6 6. Nc3 d6 7. Qe2 Be6 8. Be3 Nf6 9. O-O-O O-O 10. f3 Re8 11. h4 Bxe3+ 12. Qxe3 Nh5 13. g4 Ng3 14. Rh3 Nxf1 15. Rxf1 Qe7 16. Rhh1 Ne5 17. Nd4 Rad8 18. Nf5 Bxf5 19. gxf5 c6 20. Re1 d5 21.
exd5 cxd5 22. Qd4 f6 23. f4 Nc6 24. Rxe7 Nxd4 25. Rxb7 a5 26. Rd1 Nxf5 27. Rxd5 Rxd5 28. Nxd5 Nxh4 29. Ne7+ Kh8 30. Ra7 Ng2 31. f5 Ne3 32.
Rxa5 h5 33. Ng6+ Kh7 34. Nf4 Rd8 35. b4 Rd1+ 36. Kb2 Rd2 37. Rc5 Rf2 38. Nxh5 Nxf5 39. b5 Kg6 40. b6 Nd6 41. Ng3 f5 42. Rc6 Kg5 43. Rxd6 Kg4 44. b7 1-0

[Event "*** Titled Tuesday Blitz"]
[Site "Chess.com"]
[Date "2018.05.01"]
[Round "5"]
[White "arna"]
[Black "evgenysharapov"]
[Result "0-1"]
[WhiteElo "2121"]
[BlackElo "2294"]
[TimeControl "180+2"]
[EndTime "14:08:57 PDT"]
[Termination "evgenysharapov won by resignation"]

1. e4 c5 2. Nf3 d6 3. Bb5+ Nd7 4. O-O Nf6 5. Re1 e5 6. a4 Be7 7. c3 O-O 8. a5 Qc7 9. d3 a6 10. Bc4 Nb8 11. h3 Nc6 12. Qa4 Bd7 13. Qa2 h6 14. Qa3 Kh7 15. Nbd2 Nd8 16. Qa2 Be6 17. Bxe6 Nxe6 18.
Nc4 Nh5 19. g3 f5 20. Nb6 fxe4 21. Nxa8 Rxa8 22. Qxe6 exf3 23. Qf5+ g6 24. Qf7+ Ng7 25. Qxf3 Rf8 26. Qe4 Ne6 27. h4 h5 28. Be3 Bf6 29.
Ra3 Qd7 30. Rb3 d5 31. Qg2 Rf7 32. Bd2 Bg7 33. Rb6 Nd8 34. Kh2 Nc6 35. Bg5 Qf5 36.
Kg1 Qxd3 37. Rf1 e4 38. Be3 d4 39. cxd4 cxd4 40. Bg5 Ne5 41. Kh1 Nf3 42. b4 Ne5 43. Rc1 Ng4 44. Bf4 Qe2 45. Kg1 d3 46. Rd6 Rxf4 47.
gxf4 d2 48. Qf1 dxc1=Q 49. Qxc1 Qxf2+ 0-1